 Dungeon Crawl Stone Soup version 0.31-a0-675-g238779eb0a (webtiles) character file.

Game seed: 17673035423352675313

1080 freelancePsychic the Trooper (level 8, -4/74 HPs)
             Began as a Minotaur Conjurer on Sept 5, 2023.
             Was a Follower of Ru.
             Slain by Duvessa
             ... wielding a +0 short sword
              (16 damage)
             ... on level 5 of the Dungeon.
             The game lasted 00:08:21 (4661 turns).

freelancePsychic the Trooper (Minotaur Conjurer)    Turns: 4661, Time: 00:08:23

Health: -4/74      AC:  7    Str: 14    XL:     8   Next: 8%
Magic:  9/9        EV:  9    Int: 21    God:    Ru [*.....]
Gold:   114        SH:  0    Dex:  9    Spells: 6/9 levels left

rFire   . . .        a - +1 whip (venom)
rCold   . . .        (no shield)
rNeg    . . .        q - +0 scale mail
rPois   .            (helmet restricted)
rElec   .            (no cloak)
rCorr   .            p - +0 pair of gloves
SInv    .            (no boots)
Will    .....        (no amulet)
Stlth   +            g - +6 ring of intelligence
HPRegen 0.32/turn    (no ring)
MPRegen 0.11/turn

%: no passive effects
@: about to teleport, hasted, very quick
A: horns 2, hated by all, retaliatory headbutt
a: Renounce Religion


You were on level 5 of the Dungeon.
You worshipped Ru.
Ru was aware of your devotion.
You visited 2 branches of the dungeon, and saw 6 of its levels.

You collected 163 gold pieces.
You spent 49 gold pieces at shops.

Inventory:

Hand Weapons
 a - a +1 whip of venom (weapon)
 e - a +0 short sword
 m - a +0 morningstar
Armour
 p - a +0 pair of gloves (worn)
 q - a +0 scale mail (worn)
Jewellery
 g - a +6 ring of intelligence (left hand)
Wands
 s - a wand of paralysis (2)
Scrolls
 i - a scroll of fear
 l - 2 scrolls of fog
 n - a scroll of immolation
 r - a scroll of amnesia
Potions
 b - a potion of magic
 f - a potion of brilliance {unknown}
 h - a potion of might {unknown}
 k - a potion of heal wounds {unknown}
 o - a potion of mutation {unknown}


   Skills:
 + Level 7.9 Fighting
 + Level 5.8 Maces & Flails
 - Level 2.1 Dodging
 - Level 4.2 Stealth
 - Level 1.3 Spellcasting
 - Level 2.9 Conjurations


You had 6 spell levels left.
You knew the following spells:

 Your Spells              Type           Power      Damage    Failure   Level
a - Magic Dart            Conj           52%        1d5       22%         1
b - Searing Ray           Conj           26%        2d5       32%         2

Your spell library contained the following spells:

 Spells                   Type           Power      Damage    Failure   Level
 Static Discharge         Conj/Air       14%        2-3/arc   50%         2
 Blink                    Tloc           2%         N/A       71%         2
 Dazzling Flash           Conj/Hex       14%        N/A       75%         3
 Mephitic Cloud           Conj/Pois/Air  5%         N/A       80%         3
 Fulminant Prism          Conj/Hex       3%         3d5       98%         4
 Iskenderun's Mystic Bla  Conj/Tloc      7%         2d4       98%         4
 Manifold Assault         Tloc           1%         N/A       100%        4
 Summon Lightning Spire   Summ/Air       Unusable   N/A       N/A         4

Dungeon Overview and Level Annotations

Branches:
Dungeon (5/15)             Temple (1/1) D:4

Altars:
Ashenzari
Dithmenos
Elyvilon
Makhleb
Nemelex Xobeh
Okawaru
Ru
Vehumet
Wu Jian
Xom

Shops:
D:3 *

Annotations:
D:5 Duvessa


Innate Abilities, Weirdness & Mutations

You have a pair of horns on your head.
You are hated by all.
You reflexively headbutt those who attack you in melee.


Message History

You kill Dowan!
You hear a distant scream of rage.
No target in view!
Duvessa, Sister of Dowan comes into view.
She is wielding a +0 short sword and wearing a +3 leather armour of poison resistance.
Aiming: Paralyse
Press: ? - help, Shift-Dir - straight line, f - Duvessa
Aim: Duvessa, wielding a +0 short sword and wearing a +3 leather armour of poison resistance (wandering, hasn't noticed you, chance to affect: 31%)
Okay, then.
Unknown command.
Duvessa shouts!
Duvessa goes berserk!
Things that are here:
a +0 dagger; a +0 robe; the elf corpse of Dowan
As you read the scroll labelled TYUMATU FANA, it crumbles to dust.
You feel aware of your surroundings.
You sensed 2 altars.
It was a scroll of revelation.
Duvessa rages.
You hit Duvessa but do no damage.
Duvessa is poisoned.
Duvessa hits you with a +0 short sword!
It was a potion of haste.
You feel yourself speed up. Duvessa hits you with a +0 short sword.
Duvessa hits you with a +0 short sword!
You closely miss Duvessa. You headbutt Duvessa.
Duvessa is lightly wounded.
Duvessa hits you with a +0 short sword.
You hit Duvessa but do no damage.
Duvessa is lightly wounded.
You hit Duvessa but do no damage. You headbutt Duvessa, but do no damage.
Duvessa is lightly wounded.
Duvessa closely misses you. You furiously retaliate!
You headbutt Duvessa. You barely miss Duvessa.
Duvessa is lightly wounded.
Duvessa hits you with a +0 short sword!
You hit Duvessa but do no damage.
Duvessa looks even sicker.
You headbutt Duvessa!
Duvessa is moderately wounded.
Duvessa hits you with a +0 short sword!
* * * LOW HITPOINT WARNING * * *
As you read the scroll of teleportation {@r4}, it crumbles to dust.
You feel strangely unstable. Duvessa hits you with a +0 short sword!
You die...

,,,,**,,,,,,...........,,**,,,,,*
,,,,,,,,,..##...........,,,,,,,,*
>**,,,,,,..##.......?#..,,,,,,,,,
****,,*,,.[.............,.,,,,,,,
* **,*#...#........#.....,,,,,,,
**,.#..###.......###...,,,,,,*
*,,,...###.............,,,,,,,
###.###..................,,,,,,,
##.....###......@........#*,,,,,,
.##.....#......e###..##..#*,,,,,,
..##.....#.....#####..#.,,,,,,,,,
...#.....#.#.†######....,,,,,,,,,
.....#.###.##.#####.......,,,,,,,
##...#.##...#..###........,,,,,,,
##........................,,,,,,*
*#...##.#...##............,,,,*,,
#....###.......>.....,,,,,,,,,*,,


You could see Duvessa (berserk, very poisoned).

Vanquished Creatures
  Sigmund (D:3)
  A water moccasin (D:5)
  A black bear (D:5)
  An ice beast (D:5)
  3 scorpions (D:5)
  Dowan (D:5)
  A howler monkey (D:5)
  A jelly (D:4)
  5 orc priests
  An iguana (D:5)
  2 orc wizards
  A gnoll (D:1)
  2 adders (D:4)
  A worm (D:4)
  16 orcs
  6 bats
  11 endoplasms
  2 giant cockroaches
  2 goblins
  9 hobgoblins
  4 jackals
  3 quokkas
  9 ball pythons
  2 frilled lizards
  8 kobolds
  5 rats
99 creatures vanquished.

Notes
Turn   | Place    | Note
-------+----------+-------------------------------------------
     0 | D:1      | freelancePsychic the Minotaur Conjurer began the quest for
                  | the Orb.
     0 | D:1      | Reached XP level 1. HP: 14/14 MP: 1/1
    68 | D:1      | Reached skill level 1 in Fighting
   163 | D:1      | Reached XP level 2. HP: 19/23 MP: 3/3
   449 | D:1      | Reached skill level 2 in Fighting
   454 | D:1      | Reached XP level 3. HP: 29/29 MP: 2/4
  1030 | D:2      | Got Sif Muna's Codex of the Nimbus
  1246 | D:2      | Learned a level 2 spell: Searing Ray
  1782 | D:3      | Noticed Sigmund
  1860 | D:3      | Reached skill level 3 in Fighting
  1868 | D:3      | Reached XP level 4. HP: 4/38 MP: 5/5
  2153 | D:3      | Found Firifogu's General Store.
  2217 | D:3      | Killed Sigmund
  2218 | D:3      | Reached skill level 4 in Fighting
  2218 | D:3      | Reached XP level 5. HP: 43/47 MP: 0/6
  2230 | D:3      | Reached XP level 6. HP: 54/55 MP: 2/7
  2238 | D:3      | Reached skill level 5 in Fighting
  2581 | D:3      | Reached skill level 1 in Maces & Flails
  2718 | D:4      | Found a staircase to the Ecumenical Temple.
  2782 | Temple   | Found a transporter.
  2782 | Temple   | Found a transporter.
  2782 | Temple   | Found a transporter.
  2782 | Temple   | Found a transporter.
  2782 | Temple   | Entered the Ecumenical Temple
  2801 | Temple   | Became a worshipper of Ru the Awakened
  3224 | D:3      | Bought a +0 pair of gloves for 49 gold pieces
  3871 | D:4      | Reached skill level 6 in Fighting
  3871 | D:4      | Reached XP level 7. HP: 54/63 MP: 8/8
  4156 | D:5      | Entered Level 5 of the Dungeon
  4361 | D:5      | Gained mutation: You are hated by all. [Ru sacrifice]
  4361 | D:5      | Reached * piety under Ru
  4393 | D:5      | Reached skill level 7 in Fighting
  4518 | D:5      | Identified the +8 flail of Mana {freeze, Int+4}
  4546 | D:5      | Reached skill level 5 in Maces & Flails
  4604 | D:5      | Noticed Dowan
  4611 | D:5      | Reached XP level 8. HP: 53/74 MP: 9/9
  4623 | D:5      | Killed Dowan
  4651 | D:5      | Noticed Duvessa
  4661 | D:5      | Slain by Duvessa

Illustrated notes

Levels and vault maps discovered:
D:1:      sevenhm_arrival_forest_fort_small_4, layout_loops_ring
D:2:      layout_rooms, ebering_dispersal_statue_hall,
          chequers_serial_rivers_small_a, wad_orctagon
D:3:      layout_basic, serial_shops, nicolae_shop_pleasant_corner_grove,
          uniq_sigmund
D:4:      layout_loops_corners, temple_fountains, minmay_quantized
D:5:      layout_cave_pools, pf_just_have_faith,
          gammafunk_temple_overflow_arena, uniq_duvessa
Temple:   hellmonk_temple_divided_pantheon

Skill      XL: |  1  2  3  4  5  6  7 |
---------------+----------------------+-----
Fighting       | 1 2 3 4 6 7 |  7.9
Stealth        | 2 3 4 |  4.2
Maces & Flails | 3 5 |  5.8
Dodging        | |  2.1
Spellcasting   | |  1.3
Conjurations   | |  2.9

Action                     |  1- 3 |  4- 6 |  7- 9 || total
---------------------------+-------+-------+-------++-------
  Melee: Unarmed           |    42 |       |       ||    42
         Headbutt          |    15 |    18 |    11 ||    44
         Punch             |     2 |     3 |     1 ||     6
         Short sword       |    41 |       |       ||    41
         Dagger            |    15 |    43 |       ||    58
         Whip              |       |    68 |    57 ||   125
   Cast: Magic Dart        |    18 |       |       ||    18
         Searing Ray       |     6 |     5 |       ||    11
 Invoke: Sacrifice Love    |       |       |     1 ||     1
    Use: Scroll            |     2 |     6 |     2 ||    10
         Potion            |     2 |       |     1 ||     3
   Stab: Sleeping          |     1 |     2 |       ||     3
 Armour: Robe              |    57 |    22 |       ||    79
         Scale mail        |       |    33 |    42 ||    75
  Dodge: Dodged            |    79 |    43 |    26 ||   148

Table legend: (Time is in decaauts)
 A = Elapsed time spent in this place.
 B = Non-inter-level travel time spent in this place.
 C = Inter-level travel time spent in this place.
 D = Time resting spent in this place.
 E = Time spent auto-exploring this place.
 F = Levels seen in this place.
 G = Mean time per level.
                   A        B        C        D        E       F      G
               +--------+--------+--------+--------+--------+-----+--------+
         Total |   4659 |   4297 |    362 |    212 |   3304 |   6 |  776.5 |
       Dungeon |   4624 |   4272 |    352 |    212 |   3304 |   5 |  924.8 |
        Temple |     34 |     25 |      9 |      0 |      0 |   1 |   34.0 |
               +--------+--------+--------+--------+--------+-----+--------+

Top non-repeatable levels by time:
     D:4: 1250 daAuts
     D:1: 1021 daAuts
     D:2: 938 daAuts
     D:3: 917 daAuts
     D:5: 496 daAuts
  Temple: 34 daAuts
